AoeStats
← audi

Arabia

508046272Analyzed
2v2 RM · 12d ago on Sep 20, 2026· 39m 54s· 4 players
Game mode
Random Map
Map size
Medium (4 player)
Population
200
Speed
Normal
Resources
Standard
Victory
Conquest
Starting age
Dark Age
Ending age
Imperial Age
RankedLock teamsTeams togetherTeam positionsShared explorationLock speedFull tech treeHidden civsTurbo modeCheats
Victory
Defeat
🇨🇦 Portuguese · Canada
1208
+15
🇺🇸 Persians · United States
1206
+14
🇹🇷 Saracens · Türkiye
1195
-15
🇹🇷 Teutons · Türkiye
1170
-14
audi
3:26 Loom
10:10 Feudal Age
10:42 Double-Bit Axe
13:38 Horse Collar
14:47 Forging
20:41 Castle Age
28:49 Gold Mining
30:59 Scale Barding Armor
31:49 Squires
32:42 Fletching
33:34 Scale Mail Armor
33:22 Town Watch
34:30 Stone Mining
38:11 Wheelbarrow
39:16 Padded Archer Armor
Timber
7:21 Loom
9:58 Feudal Age
10:40 Double-Bit Axe
15:06 Fletching
16:55 Horse Collar
19:21 Padded Archer Armor
23:10 Castle Age
21:53 Gold Mining
22:14 Double-Bit Axe
23:20 Crossbowman
23:56 Bodkin Arrow
26:32 Bow Saw
28:36 Wheelbarrow
29:19 Gold Shaft Mining
28:58 Town Watch
30:24 Leather Archer Armor
33:40 Thumb Ring
38:02 Ballistics
37:58 Stone Mining
kendizzle555
7:03 Loom
9:26 Feudal Age
10:22 Double-Bit Axe
10:40 Horse Collar
18:34 Bloodlines
21:06 Castle Age
19:13 Scale Barding Armor
20:02 Forging
20:57 Light Cavalry
22:20 Iron Casting
22:09 Heavy Plow
22:58 Bow Saw
25:17 Wheelbarrow
27:06 Gold Mining
27:19 Husbandry
27:25 Town Watch
28:45 Hand Cart
29:09 Gold Shaft Mining
29:22 Chain Barding Armor
32:03 Stone Mining
36:11 Imperial Age
34:39 Stone Shaft Mining
35:59 Cavalier
37:16 Plate Barding Armor
38:28 Crop Rotation
38:59 Two-Man Saw
39:40 Blast Furnace
Slawter
6:12 Loom
8:51 Feudal Age
9:21 Double-Bit Axe
15:46 Fletching
19:06 Castle Age
19:17 Padded Archer Armor
19:05 Horse Collar
19:35 Crossbowman
20:31 Bodkin Arrow
21:19 Bow Saw
23:46 Heavy Plow
25:15 Wheelbarrow
25:10 Thumb Ring
26:33 Hand Cart
28:01 Town Watch
28:33 Gold Mining
30:08 Leather Archer Armor
30:58 Elite Skirmisher
31:55 Bloodlines
31:22 Light Cavalry
33:01 Forging
32:57 Scale Barding Armor
35:17 Iron Casting
36:34 Chain Barding Armor
39:26 Imperial Age
37:56 Husbandry
38:22 Ballistics
39:16 Stone Mining
39:31 Cavalier
Connection lost

Rejoining the realm…

Still unreachable

The connection could not be restored.

Session expired

The server has moved on; the page needs a fresh start.